 Dungeon Crawl Stone Soup version 0.30-a0-802-gb92711bcdf (webtiles) character file.

Game seed: 17458589169599782229

427 bande the Covered (level 6, -3/38 HPs)
             Began as a Gargoyle Fighter on Feb 23, 2023.
             Slain by a small abomination (9 damage)
             ... on level 1 of the Abyss.
             The game lasted 00:05:00 (3669 turns).

bande the Covered (Gargoyle Fighter)                Turns: 3669, Time: 00:05:01

Health: -3/38      AC: 15    Str: 20    XL:     6   Next: 97%
Magic:  6/6        EV:  7    Int:  8    God:
Gold:   245        SH:  9    Dex: 11    Spells: 5/5 levels left

rFire   . . .      SeeInvis .    a - +0 war axe (spect)
rCold   . . .      Faith    .    c - +0 buckler
rNeg    + . .      Spirit   .    r - +0 chain mail
rPois   ∞          Reflect  +    (no helmet)
rElec   +          Harm     .    (no cloak)
rCorr   .          Rampage  .    q - +0 pair of gloves
Will    .....                    (no boots) Stlth
                                 k - amulet of reflection
HPRegen 0.26/turn                f - ring of flight
MPRegen 0.10/turn                (no ring)

@: flying
A: sickness immunity, AC +4, negative energy resistance 1, electricity
resistance, torment resistance 1, petrification resistance
a: no special abilities


You were on level 1 of the Abyss.
You visited 1 branch of the dungeon, and saw 4 of its levels.
You visited the Abyss 1 time.
You also visited: Sewer.

You collected 245 gold pieces.

Inventory:

Hand Weapons
 a - a +0 spectral war axe (weapon)
 h - a +1 flail of holy wrath
Armour
 c - a +0 buckler (worn)
 q - a +0 pair of gloves (worn)
 r - a +0 chain mail (worn)
Jewellery
 b - a ring of magical power
 f - a ring of flight (left hand)
 i - a ring of positive energy
 k - an amulet of reflection (around neck)
Wands
 l - a wand of flame (25)
Scrolls
 o - 2 scrolls of amnesia
 s - 3 scrolls of identify
Potions
 d - a potion of might
 e - 3 potions of flight
 g - 5 potions of heal wounds
 j - 4 potions of curing
 m - a potion of haste {unknown}
 n - a potion of experience {unknown}
 p - 2 potions of mutation {unknown}


   Skills:
 + Level 4.1 Fighting
 + Level 4.1 Axes
 + Level 4.6 Armour
 + Level 4.3 Shields
 * Level 2.5 Evocations


You had 5 spell levels left.
You didn't know any spells.
Your spell library was empty.

Dungeon Overview and Level Annotations

Branches:
Dungeon (4/15)              Sewer (visited)
 Temple: D:4-7

Altars:

Shops:
D:4 ?


Innate Abilities, Weirdness & Mutations

You are immune to sickness and miasma.
Your stone body is resilient. (AC +4)
You are immune to poison.
You resist negative energy. (rN+)
You are resistant to electric shocks. (rElec)
You are resistant to unholy torment.
You are immune to petrification.


Message History

Found 8 stones.
No target in view!
s - 3 scrolls of identify (gained 1)
You see here 5 stones.
An orc comes into view. It is wielding a +0 hand axe.
The orc shouts!
You hear a shout! x3; You hear an angry hiss.
An orc priest comes into view. It is wielding a +0 club.
An orc comes into view.
It is wielding a +1 short sword of distortion.
An orc comes into view. It is wielding a +0 whip.
A ball python comes into view.
The ball python hisses angrily.
You block the orc's attack.
You barely miss the orc.
Your +0 spectral war axe barely misses the orc. x2
The orc misses your +0 spectral war axe.
The orc hits you but does no damage.
You are cast into the Abyss!
This branch contains the abyssal rune of Zot.
Your +0 spectral war axe fades away.
Unknown command.
Unknown command.
The small abomination hits you. The small abomination hits you!
The small abomination attacks as you move away!
The small abomination hits you but does no damage.
The small abomination attacks as you move away!
The small abomination completely misses you.
Found a gateway leading deeper into the Abyss.
The small abomination attacks as you move away!
The small abomination hits you!
The small abomination attacks as you move away!
The small abomination hits you but does no damage.
The small abomination attacks as you move away!
The small abomination hits you!
* * * LOW HITPOINT WARNING * * *
The small abomination attacks as you move away!
The small abomination hits you but does no damage.
The small abomination attacks as you move away!
The small abomination hits you!
You die...

....> ## #...#.
####.##.. #.
##.#....#..#
#..# . #.. #
###.###.#.##.
#...# .#.... .#
#..####...##..#.
##..##.#.#.....#
#. #....x@....#
#.##..###...#.#
#. ##~# ##### .
.~# .. #.≈. ..
~.~~≈ ~~ ~~~
~~§§~~


You could see a small abomination.

Vanquished Creatures
  Sigmund (D:3)
  2 kobold brigands (Sewer)
  A hound (D:3)
  An adder (D:2)
  A river rat (Sewer)
  4 worms
  2 orcs
  8 endoplasms
  5 giant cockroaches
  7 goblins
  6 hobgoblins
  5 jackals
  5 quokkas
  5 ball pythons
  5 bats
  6 frilled lizards
  8 kobolds
  4 rats
76 creatures vanquished.

Notes
Turn   | Place    | Note
-------+----------+-------------------------------------------
     0 | D:1      | bande the Gargoyle Fighter began the quest for the Orb.
     0 | D:1      | Reached XP level 1. HP: 14/14 MP: 1/1
   360 | D:1      | Reached XP level 2. HP: 16/19 MP: 2/2
   722 | D:1      | Reached XP level 3. HP: 23/23 MP: 3/3
  1526 | D:2      | Found a faded altar of an unknown god.
  1832 | D:3      | Reached XP level 4. HP: 18/29 MP: 4/4
  2649 | D:3      | Noticed Sigmund
  2661 | D:3      | Killed Sigmund
  2662 | D:3      | Reached XP level 5. HP: 26/33 MP: 5/5
  2662 | D:3      | Reached XP level 6. HP: 30/38 MP: 6/6
  3159 | D:4      | Found Ozxeforchio's Magic Scroll Boutique.
  3228 | D:4      | Found a glowing drain.
  3244 | Sewer    | Entered a sewer
  3346 | Sewer    | Found a white marble altar of Elyvilon.
  3623 | Abyss:1  | Cast into level 1 of the Abyss (orc)
  3669 | Abyss:1  | Slain by a small abomination

Illustrated notes

Levels and vault maps discovered:
D:1:      tarquinn_simple_flora_water_b, layout_loops_corners, chequers_garden,
          hangedman_decor_push
D:2:      layout_loops_ring, hellmonk_ecumenical_altar_inner_sanctum
D:3:      layout_basic, chequers_serial_rivers_room_a,
          chequers_serial_rivers_room_b, uniq_sigmund
D:4:      layout_rooms, serial_shops, kennysheep_mini, portal_sewer_entry_f
Abyss:1:  base:
D:3

Skill      XL: |  1  2  3  4  5  6 |
---------------+-------------------+-----
Axes           | 2 3 4 |  4.1
Armour         | 4 |  4.6
Fighting       | 4 |  4.1
Shields        | 4 |  4.3
Evocations     | 2 |  2.5

Action                     |  1- 3 |  4- 6 || total
---------------------------+-------+-------++-------
  Melee: War axe           |   123 |    88 ||   211
    Use: Scroll            |       |     7 ||     7
 Armour: Scale mail        |    64 |    14 ||    78
         Chain mail        |       |    29 ||    29
  Dodge: Dodged            |    54 |    17 ||    71
  Block: Buckler           |    35 |    36 ||    71
         Reflection        |       |     1 ||     1

Table legend: (Time is in decaauts)
 A = Elapsed time spent in this place.
 B = Non-inter-level travel time spent in this place.
 C = Inter-level travel time spent in this place.
 D = Time resting spent in this place.
 E = Time spent auto-exploring this place.
 F = Levels seen in this place.
 G = Mean time per level.
                   A        B        C        D        E       F      G
               +--------+--------+--------+--------+--------+-----+--------+
         Total |   3754 |   3664 |     90 |    304 |   2642 |   6 |  625.7 |
       Dungeon |   3559 |   3469 |     90 |    304 |   2560 |   4 |  889.8 |
         Abyss |     45 |     45 |      0 |      0 |      0 |   1 |   45.0 |
         Sewer |    148 |    148 |      0 |      0 |     82 |   1 |  148.0 |
               +--------+--------+--------+--------+--------+-----+--------+

Top non-repeatable levels by time:
     D:3: 1385 daAuts
     D:1: 987 daAuts
     D:2: 834 daAuts
     D:4: 351 daAuts
   Sewer: 148 daAuts
 Abyss:1: 45 daAuts
